 Dungeon Crawl Stone Soup version 0.17-a0-1404-gb8113a6 (webtiles) character file.

3843 bal the Ducker (level 9, -3/69 HPs)
             Began as a Demonspawn Gladiator on June 20, 2015.
             Was an Elder of Nemelex Xobeh.
             Slain by a soldier ant (6 damage)
             ... on level 8 of the Dungeon on June 21, 2015.
             The game lasted 00:27:48 (6293 turns).

bal the Ducker (Demonspawn Gladiator)               Turns: 6293, Time: 00:27:48

Health: -3/69      AC: 11    Str: 18    XL:     9   Next: 98%
Magic:  12/12      EV: 19    Int: 10    God:    Nemelex Xobeh [****..]
Gold:   388        SH:  0    Dex: 19    Spells: 1 memorised, 12 levels left

rFire  . . .     SeeInvis .     z - -1 war axe (curse)
rCold  . . .     Clarity  .     u - +0 scale mail
rNeg   . . .     SustAt   +     (no shield)
rPois  .         Gourm    .     (helmet restricted)
rElec  +         Spirit   .     (no cloak)
rCorr  .         Warding  .     (no gloves)
rMut   .         Stasis   .     (no boots)
MR     .....                    H - amulet of regeneration
Stlth  +.........               v - ring of sustain attributes
                                j - +5 ring of slaying

@: confused, agile, lethally poisoned (-3 -> -3), not resistant to hostile
enchantments, very unstealthy
A: horns 1, thin metallic scales 3, powered by death 1
a: Triple Draw, Deal Four, Renounce Religion


You were on level 8 of the Dungeon.
You worshipped Nemelex Xobeh.
Nemelex Xobeh was greatly pleased with you.
You were not hungry.

You visited 1 branch of the dungeon, and saw 8 of its levels.

You collected 388 gold pieces.

Inventory:

Hand weapons
 a - a +4 mace
 b - a +2 spear of piercing
 h - a +0 war axe
 r - a +3 scimitar of flaming
 z - a cursed -1 war axe (weapon)
Missiles
 d - 3 throwing nets
 q - 12 bolts of penetration
 x - 20 sling bullets
 F - 13 tomahawks (quivered)
Armour
 c - a +0 helmet
 l - a +1 scale mail of cold resistance
 u - a +0 scale mail (worn)
Jewellery
 j - a +5 ring of slaying (left hand)
 n - a +1 ring of protection {unknown}
 t - an uncursed amulet of clarity
 v - a ring of sustain attributes (right hand)
 D - a cursed ring of poison resistance {unknown}
 H - an amulet of regeneration (around neck)
Magical devices
 p - a wand of fire (0)
 J - a wand of polymorph (11)
Scrolls
 g - 3 scrolls of recharging
 m - 3 scrolls of remove curse
 o - a scroll of fear
 s - 4 scrolls of teleportation
 y - a scroll of amnesia
 B - a scroll of fog
 C - a scroll of enchant armour {unknown}
 G - a scroll of immolation
 K - a scroll of identify
Potions
 I - a potion of agility
Books
 k - a book of Enchantments

   Spells                             Type                      Level
   a - Cause Fear                     Hexes                        4
   b - Silence                        Hexes/Air                    5
   c - Deflect Missiles               Charms/Air                   6
   d - Haste                          Charms                       6
   e - Discord                        Hexes                        8
 w - a book of Party Tricks

   Spells                             Type                      Level
   a - Summon Butterflies             Summoning                    1
   b - Apportation                    Translocation                1
   c - Tukima's Dance                 Hexes                        3
   d - Alistair's Intoxication        Transmutation/Poison         4
   e - Invisibility                   Hexes                        6
Comestibles
 e - 5 bread rations
 i - 2 chunks of flesh


   Skills:
 + Level 5.8 Fighting
 + Level 2.9(4.0) Axes
 + Level 3.4(4.0) Maces & Flails
 + Level 2.1(2.9) Polearms
 + Level 2.8 Throwing
 + Level 6.2 Armour
 + Level 6.8 Dodging
 + Level 2.4 Stealth
 + Level 2.5 Spellcasting
 + Level 2.0 Summonings
 + Level 4.8 Evocations


You had 12 spell levels left.
You knew the following spells:

 Your Spells              Type           Power        Failure   Level  Hunger
a - Summon Butterflies    Summ           #.......     38%         1    ##.....


Dungeon Overview and Level Annotations

Branches:
Dungeon (8/15)             Temple (0/1) D:5
   Lair: D:8-11

Altars:
Fedhas
Gozag
Makhleb
Nemelex Xobeh
Okawaru
Sif Muna
Trog
Vehumet
Xom
Yredelemnul
Zin
The Shining One

Shops:
D:7 *

Annotations:
D:3 bal's ghost, average DsGl
D:6 exclusion: statue
D:8 Psyche


Innate Abilities, Weirdness & Mutations

You have a pair of small horns on your head.
You are completely covered in thin metallic scales (AC +4, rElec).
You regenerate a little health from kills.


Message History

The worker ant poisons you! The soldier ant completely misses you.
Psyche blinks at you.
You are more confused.
The soldier ant stings you!
* * * LOW HITPOINT WARNING * * *
The worker ant barely misses you. The soldier ant completely misses you.
The soldier ant stings you.
* * * LOW HITPOINT WARNING * * *
You completely miss the soldier ant. Your headbutt misses the soldier ant.
The soldier ant is severely wounded.
You closely miss the soldier ant.
The soldier ant is severely wounded.
You slash the worker ant!
You kill the worker ant!
You feel sick. The soldier ant barely misses you.
The soldier ant completely misses you.
You bump into the rock wall.
You feel sick.
Psyche blinks!
The soldier ant stings you.
You die...
Your body glows slightly and disappears.

#.# #.#.########
###.####.#.#
.)†.[)†(...#
###.####(### #.#
#.# ### #.#
#.##.. . ..#
#>#.## ### .# #.#
#.†#.#####†.#?#
%.#
#.#.#.##.@#..#..
###
#†.#..#.#aa......
#..##..[.§.....##
#.#.##.....##....
#..#....#).# [##
#..##.G....# #
#..##.#......
#..#.........#
###.##...#.#..#


You could see 2 soldier ants and Psyche the golden eye.

Vanquished Creatures
  Erica (D:8)
  A hippogriff (D:7)
  A water moccasin (D:6)
  4 soldier ants (D:8)
  3 phantoms
  An ogre (D:7)
  A necrophage (D:7)
  A centaur (D:7)
  4 giant frogs
  A scorpion (D:7)
  A crimson imp (D:6)
  An orc wizard (D:6)
  An orc priest (D:6)
  A giant frog skeleton (D:5)
  9 worker ants
  A hound skeleton (D:8)
  A worker ant zombie (D:8)
  5 adders
  2 gnolls (D:4)
  3 shadow imps
  An adder skeleton (D:3)
  4 worms
  4 giant geckos
  16 orcs
  8 bats
  A bat zombie (D:5)
  12 goblins
  9 hobgoblins
  4 quokkas
  5 giant cockroaches
  3 giant newts
  7 jackals
  13 kobolds
  A quokka skeleton (D:6)
  12 rats
143 creatures vanquished.

Vanquished Creatures (collateral kills)
  A queen ant (D:8)
  Prince Ribbit (D:7)
  3 soldier ants (D:8)
  An ogre (D:4)
  2 ice beasts
  A big kobold (D:8)
  A wyvern skeleton (D:6)
  A crimson imp (D:7)
  An orc wizard (D:7)
  An orc priest (D:6)
  5 worker ants (D:8)
  5 gnolls (D:4)
  2 adders
  4 orcs
  3 kobolds
  2 goblins
34 creatures vanquished.

Vanquished Creatures (others)
  A wyvern (D:8)
  A sheep (D:8)
2 creatures vanquished.

Grand Total: 179 creatures vanquished

Notes
Turn   | Place    | Note
--------------------------------------------------------------
     0 | D:1      | bal the Demonspawn Gladiator began the quest for the Orb.
     0 | D:1      | Reached XP level 1. HP: 16/16 MP: 1/1
   116 | D:1      | Reached skill level 3 in Dodging
   505 | D:1      | Gained mutation: You regenerate a little health from kills. [demonic ancestry]
   505 | D:1      | Reached XP level 2. HP: 11/22 MP: 2/2
   910 | D:2      | Found a glowing silver altar of Zin.
   915 | D:2      | Noticed an angel
   919 | D:2      | Gained mutation: You are partially covered in thin metallic scales (AC +2). [demonic ancestry]
   919 | D:2      | Reached XP level 3. HP: 18/27 MP: 3/3
   932 | D:2      | Found a shimmering altar of Xom.
  1179 | D:2      | Found a sparkling altar of Nemelex Xobeh.
  1217 | D:2      | Became a worshipper of Nemelex Xobeh the Trickster
  1309 | D:2      | Received a gift from Nemelex Xobeh
  1451 | D:3      | Reached skill level 1 in Armour
  1606 | D:3      | Gained mutation: You have a pair of small horns on your head. [demonic ancestry]
  1606 | D:3      | Reached XP level 4. HP: 31/34 MP: 4/4
  1650 | D:3      | You fall through a shaft!
  1656 | D:4      | Reached skill level 1 in Maces & Flails
  1789 | D:4      | Noticed an ogre
  1805 | D:4      | Killed an ogre
  1805 | D:4      | Gained mutation: You are mostly covered in thin metallic scales (AC +3). [demonic ancestry]
  1805 | D:4      | Reached XP level 5. HP: 40/40 MP: 5/5
  2057 | D:4      | Found a bloodstained altar of Trog.
  2224 | D:4      | Found an iron altar of Okawaru.
  2660 | D:3      | Found a faded altar to an unknown god.
  2713 | D:3      | Noticed bal's ghost (average DsGl)
  2866 | D:3      | Reached skill level 4 in Dodging
  2866 | D:3      | Reached skill level 1 in Stealth
  3179 | D:5      | Entered Level 5 of the Dungeon
  3292 | D:5      | Gained mutation: You are completely covered in thin metallic scales (AC +4, rElec). [demonic ancestry]
  3292 | D:5      | Reached XP level 6. HP: 36/47 MP: 6/6
  3406 | D:5      | Found a deep blue altar of Sif Muna.
  3544 | D:5      | Found a basalt altar of Yredelemnul.
  3545 | D:5      | Found a blossoming altar of Fedhas.
  3564 | D:5      | Received a gift from Nemelex Xobeh
  3694 | D:5      | Found a glowing golden altar of the Shining One.
  3743 | D:5      | Found a staircase to the Ecumenical Temple.
  3924 | D:5      | Gained mutation: Your body sometimes deteriorates upon taking damage. [potion of mutation]
  3924 | D:5      | Gained mutation: You are dopey. (Int -2) [potion of mutation]
  3924 | D:5      | Gained mutation: Your spells are a little harder to cast, but a little more powerful. [potion of mutation]
  3930 | D:5      | Lost mutation: You are dopey. (Int -2) [potion of beneficial mutation]
  3933 | D:5      | Upgraded the game from 0.17-a0-1403-g9df874c to 0.17-a0-1404-gb8113a6
  4006 | D:6      | Found a radiant altar of Vehumet.
  4102 | D:6      | Noticed a water moccasin
  4111 | D:6      | Killed a water moccasin
  4111 | D:6      | Reached XP level 7. HP: 30/53 MP: 7/7
  4150 | D:6      | Received a gift from Nemelex Xobeh
  4333 | D:6      | Reached skill level 5 in Dodging
  4485 | D:6      | Received a gift from Nemelex Xobeh
  4488 | D:6      | Acquired Nemelex Xobeh's first power
  4727 | D:6      | Learned a level 1 spell: Summon Butterflies
  4738 | D:6      | Received a gift from Nemelex Xobeh
  5064 | D:7      | Reached skill level 1 in Evocations
  5123 | D:7      | Found Gozag's Platinum Reserve.
  5123 | D:7      | Found an opulent altar of Gozag.
  5180 | D:7      | Reached XP level 8. HP: 59/61 MP: 8/8
  5422 | D:7      | Found a burning altar of Makhleb.
  5443 | D:7      | Reached skill level 1 in Spellcasting
  5594 | D:7      | Noticed a green death
  5597 | D:7      | Noticed a ynoxinul
  5636 | D:7      | Noticed Prince Ribbit
  5651 | D:7      | Killed Prince Ribbit
  5651 | D:7      | Reached skill level 6 in Dodging
  5678 | D:7      | Reached skill level 1 in Summonings
  5887 | D:8      | Acquired Nemelex Xobeh's second power
  5922 | D:8      | Reached skill level 5 in Fighting
  5922 | D:8      | Reached skill level 1 in Polearms
  6005 | D:8      | Noticed a queen ant
  6028 | D:8      | Reached XP level 9. HP: 53/68 MP: 11/11
  6029 | D:8      | Reached skill level 5 in Armour
  6039 | D:8      | Killed a queen ant
  6064 | D:8      | Noticed Erica
  6085 | D:8      | Killed Erica
  6250 | D:8      | Noticed Psyche
  6256 | D:8      | Noticed Psyche
  6256 | D:8      | Psyche changed into Psyche the golden eye
  6264 | D:8      | Lost mutation: Your body sometimes deteriorates upon taking damage. [potion of cure mutation]
  6264 | D:8      | Lost mutation: Your spells are a little harder to cast, but a little more powerful. [potion of cure mutation]
  6291 | D:8      | HP: 3/69 [soldier ant (2)]
  6293 | D:8      | Slain by a soldier ant

Vault maps used:
D:1:      scummos_arrival_hexagon
D:2:      grunt_temple_overflow_order_and_chaos_1, overflow_temple_1_default
D:3:      ecumenical_altar_2, minmay_goblin_outpost
D:4:      bloody_trog, nicolae_overflow_hidden_temple, first_bread
D:5:      nicolae_overflow_crystal_walls, gammafunk_temple_overflow_statue,
          lemuel_crystal_altar, temple_green
D:6:      vehumet_statue, minmay_hedge_maze
D:7:      nicolae_gozag_zags_fifth_avenue, makhleb_altar_promises_db,
          uniq_prince_ribbit1
D:8:      minmay_another_anthill, uniq_psyche, uniq_erica

Action                   |  1- 3 |  4- 6 |  7- 9 || total
-------------------------+-------+-------+-------++-------
Melee: Mace              |   126 |   154 |    11 ||   291
       Spear             |       |       |   152 ||   152
       War axe           |       |       |     5 ||     5
Throw: Tomahawk          |       |       |     9 ||     9
 Cast: Summon Butterflie |       |       |     1 ||     1
Evoke: Deck              |     3 |     5 |    32 ||    40
       Wand              |       |       |     6 ||     6
  Use: Potion            |       |    11 |     6 ||    17
       Scroll            |       |    13 |     4 ||    17
 Stab: Invisible         |       |     2 |       ||     2
  Eat: Chunk             |     1 |     1 |     1 ||     3
       Meat ration       |     1 |       |       ||     1
       Beef jerky        |       |     1 |     1 ||     2
       Fruit             |       |     3 |     2 ||     5
       Bread ration      |       |       |     1 ||     1
